 Dungeon Crawl Stone Soup version 0.31-a0-479-g91c9547826 (webtiles) character file.

Game seed: 3963398160731397700

52 Ethylacetat the Trooper (level 3, -6/20 HPs)
             Began as a Vine Stalker Monk on Aug 7, 2023.
             Mangled by a gnoll
             ... wielding a +0 flail
              (10 damage)
             ... on level 2 of the Dungeon.
             The game lasted 00:01:16 (833 turns).

Ethylacetat the Trooper (Vine Stalker Monk)          Turns: 833, Time: 00:01:16

Health: -6/20      AC:  2    Str: 15    XL:     3   Next: 85%
Magic:  0/7        EV: 12    Int: 10    God:
Gold:   34         SH:  0    Dex: 16    Spells: 6/6 levels left

rFire   . . .        a - +0 hand axe
rCold   . . .        d - orb {light}
rNeg    . . .        b - +0 robe
rPois   .            (no helmet)
rElec   .            (no cloak)
rCorr   .            (no gloves)
SInv    .            (no boots)
Will    .....        (no amulet)
Stlth   +            (no ring)
HPRegen 0.23/turn    (no ring)
MPRegen 0.10/turn

%: guardian spirit
@: glowing
A: fangs 2, magic shield, antimagic bite, no potion heal 2
a: no special abilities


You were on level 2 of the Dungeon.
You visited 1 branch of the dungeon, and saw 2 of its levels.

You collected 34 gold pieces.

Inventory:

Hand Weapons
 a - a +0 hand axe (weapon)
Missiles
 k - 6 boomerangs
Armour
 b - a +0 robe (worn)
 d - an orb of light (worn)
Scrolls
 e - a scroll of enchant weapon {unknown}
 f - a scroll of fear {unknown}
 g - a scroll of revelation {unknown}
 j - a scroll of poison {unknown}
 l - a scroll of identify {unknown}
Potions
 c - a potion of ambrosia
 h - a potion of invisibility {unknown}
 i - a potion of brilliance {unknown}
 m - a potion of berserk rage {unknown}


   Skills:
 + Level 3.5 Fighting
 - Level 2.6 Axes
 - Level 2.4 Dodging
 + Level 2.2 Spellcasting


You had 6 spell levels left.
You didn't know any spells.
Your spell library contained the following spells:

 Spells                   Type           Power      Damage    Failure   Level
 Ozocubu's Armour         Ice            1%         N/A       67%         3
 Metabolic Englaciation   Hex/Ice        0%         N/A       100%        5
 Simulacrum               Ice/Necr       0%         N/A       100%        6


Dungeon Overview and Level Annotations

Branches:
Dungeon (2/15)

Altars:


Innate Abilities, Weirdness & Mutations

You have extremely sharp teeth.
When hurt, damage is shared between your health and your magic reserves.
Your bite disrupts and absorbs the magic of your enemies.
Potions cannot restore your health.


Message History

The giant cockroach bites you.
A giant cockroach is nearby!
You hit the giant cockroach but do no damage.
You bite the giant cockroach, but do no damage.
The giant cockroach is severely wounded.
The giant cockroach bites you but does no damage.
The giant cockroach closely misses you.
You hit the giant cockroach.
You kill the giant cockroach!
Things that are here:
a +2 dagger of holy wrath; a giant cockroach corpse No target in view!
m - a purple potion No target in view!
Found a hand axe.
No target in view!
A gnoll comes into view. It is wielding a +0 spear.
The gnoll shouts!
You hear a shout!
A gnoll comes into view. It is wielding a +0 flail.
The gnoll shouts!
You hear a shout!
A gnoll comes into view. It is wielding a +0 flail.
There are monsters nearby!
A gnoll comes into view. It is wielding a +0 flail.
There are monsters nearby!
The gnoll hits you from afar with a +0 spear.
There are monsters nearby!
You hit the gnoll.
The gnoll is lightly wounded.
The gnoll barely misses you.
You hit the gnoll. Your bite misses the gnoll.
The gnoll is moderately wounded.
You hit the gnoll.
The gnoll hits you from afar with a +0 spear.
The gnoll closely misses you. The gnoll barely misses you.
The gnoll misses you. The gnoll hits you with a +0 flail!
Ouch! That really hurt!
* * * LOW HITPOINT WARNING * * *
The gnoll hits you with a +0 flail!
Ouch! That really hurt!
You die...

## . ...... ~.. #. ...
..# ## ... #.# #.. ..#
#.# #.# #.###.##..# )..
... ......#'#
#.###.###.##...
.#...........#.#
...##.###.##...# ##
#.#.......#.#@#
#..#...##.##...#gg......
#.#.#.#...#.#.#.#g.....
...#...#...#...#.....#
## #.#.#...#.#.#.# #####
#..#...##.##...#...
#.#.#.......#.#.#.
#...##.###.##...# #
.#..)........#.#


You could see 3 gnolls.

Vanquished Creatures
  2 adders (D:2)
  3 ball pythons
  2 endoplasms (D:1)
  3 giant cockroaches
  5 goblins
  2 hobgoblins (D:1)
  2 quokkas (D:1)
  A bat (D:2)
  4 frilled lizards
  4 kobolds
  5 rats (D:1)
33 creatures vanquished.

Notes
Turn   | Place    | Note
-------+----------+-------------------------------------------
     0 | D:1      | Ethylacetat the Vine Stalker Monk began the quest for the
                  | Orb.
     0 | D:1      | Reached XP level 1. HP: 11/11 MP: 2/2
   148 | D:1      | Reached skill level 1 in Spellcasting
   148 | D:1      | Reached XP level 2. HP: 14/16 MP: 4/4
   178 | D:1      | Reached skill level 3 in Fighting
   418 | D:1      | Reached XP level 3. HP: 14/20 MP: 4/6
   833 | D:2      | Mangled by a gnoll

Illustrated notes

Levels and vault maps discovered:
D:1:      saegor_arrival_simple_e, layout_basic
D:2:      layout_loops_corners, dreamdust_ecumenical_altar_drowned_temple,
          nicolae_concentric_dashed_squares_mild, minmay_indecisive_spiral

Skill      XL: |  1  2  3 |
---------------+----------+-----
Spellcasting   | 1 2 |  2.2
Fighting       | 3 |  3.5
Axes           | |  2.6
Dodging        | |  2.4

Action                     || total
---------------------------++-------
  Melee: Hand axe          ||    62
         Bite              ||    16
 Armour: Robe              ||    11
  Dodge: Dodged            ||    40

Table legend: (Time is in decaauts)
 A = Elapsed time spent in this place.
 B = Non-inter-level travel time spent in this place.
 C = Inter-level travel time spent in this place.
 D = Time resting spent in this place.
 E = Time spent auto-exploring this place.
 F = Levels seen in this place.
 G = Mean time per level.
                   A        B        C        D        E       F      G
               +--------+--------+--------+--------+--------+-----+--------+
         Total |    843 |    813 |     30 |      0 |    648 |   2 |  421.5 |
       Dungeon |    843 |    813 |     30 |      0 |    648 |   2 |  421.5 |
               +--------+--------+--------+--------+--------+-----+--------+

Top non-repeatable levels by time:
     D:1: 651 daAuts
     D:2: 191 daAuts
